[Event "74th ARM-ch Women 2019"]
[Site "Yerevan"]
[Date "2019.01.17"]
[Round "6"]
[White "Mkrtchyan, Anahit D."]
[Black "Avetisyan, Mariam"]
[Result "0-1"]
[ECO "C47"]
[WhiteElo "1829"]
[BlackElo "2106"]
[Annotator "NA"]
[PlyCount "140"]
[EventDate "2019.01.12"]
[EventType "tourn"]
[EventCountry "ARM"]
[SourceTitle "playchess.com"]
[Source "ChessBase"]
[SourceQuality "1"]
[TimeControl "40/5400+30:1800+30"]

1. e4 e5 2. Nf3 Nc6 3. Nc3 Nf6 4. d4 exd4 5. Nxd4 Bb4 6. Nxc6 bxc6 7. Bd3 d5 8. exd5 cxd5 9. O-O O-O 10. Bg5 c6 11. h3 Rb8 12. Rb1 $11 h6 13. Bf4 Bd6 14. Qf3 Rb4 15. Bxd6 Qxd6 16. Ne2 Be6 17. c3 Ra4 18. a3 Rb8 19. Rfd1 Qc7 20. Bc2 Ra6 21. Qd3 Rbb6 22. c4 Qe7 23. Nf4 Kf8 24. cxd5 cxd5 25. Bb3 Ra5 26. Rbc1 Rab5 27. Ba2 g5 28. Nxe6+ Qxe6 29. Re1 Qd7 30. b4 Rd6 31. Qd4 Rbb6 32. Rc5 Ra6 33. Rc3 Kg8 34. Rec1 Rac6 35. h4 Rxc3 36. Rxc3 Ne4 37. Rc2 g4 38. g3 h5 39. b5 Qf5 40. Rc6 Rd8 41. Bb1 Nxg3 42. Bd3 Qf3 43. fxg3 Qxg3+ 44. Kf1 Re8 45. Be2 Qh2 46. Qd3 g3 47. Rg6+ Kf8 48. Rxg3 Rxe2 49. Qxe2 Qxg3 50. Qxh5 Qd3+ 51. Kf2 Qd4+ 52. Kg3 Qd3+ 53. Kf4 Qd4+ 54. Kg3 Qd3+ 55. Kf4 Qxb5 56. Qh8+ Ke7 57. Qe5+ Kd7 58. Qf5+ Kd8 59. Qf6+ Kc8 60. Qh8+ Kd7 61. Qf8 Qc4+ 62. Kg5 d4 63. Qa8 Qc5+ 64. Kf6 Qc6+ 65. Qxc6+ Kxc6 66. h5 d3 67. h6 d2 68. h7 d1=Q 69. h8=Q Qd4+ 70. Kxf7 Qxh8 0-1

[Event "74th ARM-ch Women 2019"]
[Site "Yerevan"]
[Date "2019.01.17"]
[Round "6"]
[White "Hakobyan, Astghik"]
[Black "Ghukasyan, Siranush"]
[Result "0-1"]
[ECO "C44"]
[WhiteElo "1776"]
[BlackElo "2226"]
[Annotator "NA"]
[PlyCount "96"]
[EventDate "2019.01.12"]
[EventType "tourn"]
[EventCountry "ARM"]
[SourceTitle "playchess.com"]
[Source "ChessBase"]
[SourceQuality "1"]
[TimeControl "40/5400+30:1800+30"]

1. e4 e5 2. Nf3 Nc6 3. d4 exd4 4. Nxd4 Nf6 5. Nc3 {[%emt 0:00:00] LiveBook: 4226 Games} Bb4 6. Nxc6 bxc6 7. Bd3 O-O 8. O-O Re8 9. Qf3 Bd6 {[%emt 0:01:29] C47: Scotch Four Knights and Four Knights with 4 g3} (9... d5 10. exd5 cxd5 11. h3 c6 12. Bf4 Bxc3 13. bxc3 Ne4 14. Rfe1 Qf6 15. c4 Bxh3 16. cxd5 cxd5 17. c4 {0-1 (47) Piorun,K (2633)-Duda,J (2724) Warsaw 2018}) 10. Bf4 Bxf4 11. Qxf4 d6 12. Rad1 Qe7 13. Rfe1 Nd7 14. e5 $146 ({Predecessor:} 14. b3 Ne5 15. Qg3 Nxd3 16. cxd3 a5 17. d4 {1-0 (48) Lugovskoy,M (2464)-Notkin,M (2465) Sochi 2017}) 14... Nxe5 15. Qg3 Qf8 16. Ne4 f5 17. Ng5 h6 18. Rxe5 dxe5 19. Bc4+ Kh8 20. Nf7+ Kh7 21. Nxe5 Qf6 22. f4 Be6 23. Bxe6 Rxe6 24. Rd7 Re7 25. Rxe7 Qxe7 26. Qg6+ Kg8 27. Qxc6 Rd8 28. h3 $17 Qd6 29. Qc4+ Kh7 30. Kh2 Qd4 31. b3 Qxc4 32. Nxc4 Rd1 33. Kg3 g5 34. a4 Rf1 35. fxg5 hxg5 36. h4 Kh6 37. Ne5 Kh5 38. hxg5 f4+ 39. Kh2 Kxg5 40. Nc6 Rf2 41. c4 Rb2 42. Nd4 c5 43. Ne6+ Kg4 44. Nxc5 f3 45. Kg1 fxg2 46. Ne4 Kf4 47. Nc3 Rc2 48. Nd5+ Kg3 0-1

[Event "74th ARM-ch Women 2019"]
[Site "Yerevan"]
[Date "2019.01.18"]
[Round "7"]
[White "Ghukasyan, Siranush"]
[Black "Gaboyan, Susanna"]
[Result "0-1"]
[ECO "B30"]
[WhiteElo "2226"]
[BlackElo "2111"]
[Annotator "NA"]
[PlyCount "134"]
[EventDate "2019.01.12"]
[EventType "tourn"]
[EventCountry "ARM"]
[SourceTitle "playchess.com"]
[Source "ChessBase"]
[SourceQuality "1"]
[TimeControl "40/5400+30:1800+30"]

1. e4 c5 2. Nf3 Nc6 3. Bb5 Qc7 4. O-O e6 5. c3 {[%emt 0:01:47] B30: Sicilian: 2...Nc6 3 Bb5, lines without ...g6} a6 (5... Nge7 6. Re1 a6 7. Ba4 b5 8. Bc2 Bb7 9. a4 b4 10. d4 Ng6 11. h4 cxd4 12. cxd4 {1-0 (95) Kosteniuk,A (2542)-Socko,M (2485) Khanty-Mansiysk 2017}) 6. Ba4 Nf6 7. Re1 b5 8. Bc2 e5 9. d4 d6 10. a4 Rb8 11. axb5 axb5 12. d5 Ne7 $146 ({Predecessor:} 12... Nd8 13. Na3 Bd7 14. Bg5 Be7 15. c4 b4 16. Nb5 Bxb5 17. cxb5 {1-0 (47) Ciocaltea,V-Puc,S Ploiesti 1957}) 13. Nbd2 g6 14. Nf1 Bg7 15. Nxe5 dxe5 16. d6 Qd7 17. dxe7 Qxe7 18. Ne3 O-O 19. Qe2 Be6 20. b3 Qb7 21. f3 Ra8 22. Bb2 c4 23. b4 Nh5 24. Rxa8 Qxa8 25. Ra1 Nf4 $15 26. Qf2 Qd8 27. Rd1 Qg5 28. Kh1 Ra8 29. Bc1 Ra2 30. Qf1 Bh6 31. Bb1 Ra1 32. Bb2 Rxb1 33. Rxb1 Nd3 34. Nd1 Qd2 35. Ba1 Qa2 36. Nb2 Nf2+ 37. Kg1 Be3 38. Re1 Bb6 39. Re2 Nd1+ 40. Kh1 Nxc3 41. Rc2 Bd4 42. Qc1 Nb1 43. Nxc4 Qxa1 44. Nd6 Na3 45. Qxa1 Bxa1 46. Rc7 Bd4 47. Rb7 Bc4 48. Rb8+ Kg7 49. Ne8+ Kh6 50. h4 Bf2 51. Nf6 Bxh4 52. Ng4+ Kg7 53. Nxe5 Be6 54. Nc6 Be1 55. Nd4 Bc4 56. Nc6 Nc2 57. Na7 Nd4 58. Rd8 Bc3 59. Kh2 Ne6 60. Rd1 Bxb4 61. Nc6 Bc3 62. Rc1 Bd2 63. Rc2 Bf4+ 64. g3 Bc7 65. Kg2 Bb6 66. Ne5 Bb3 67. Rb2 Ba4 0-1

[Event "74th ARM-ch Women 2019"]
[Site "Yerevan"]
[Date "2019.01.18"]
[Round "7"]
[White "Avetisyan, Mariam"]
[Black "Hakobyan, Astghik"]
[Result "1/2-1/2"]
[ECO "E18"]
[WhiteElo "2106"]
[BlackElo "1776"]
[Annotator "NA"]
[PlyCount "86"]
[EventDate "2019.01.12"]
[EventType "tourn"]
[EventCountry "ARM"]
[SourceTitle "playchess.com"]
[Source "ChessBase"]
[SourceQuality "1"]
[TimeControl "40/5400+30:1800+30"]

1. d4 Nf6 2. Nf3 e6 3. g3 b6 4. Bg2 Bb7 5. O-O Be7 6. c4 O-O 7. Nc3 Ne4 8. Bd2 f5 9. Ne5 Nxc3 10. Bxc3 Bxg2 11. Kxg2 d6 12. Nd3 Bf6 13. Nf4 Qe7 14. d5 Bxc3 15. bxc3 e5 16. Ne6 Rf6 17. Qa4 a5 18. f4 exf4 19. Rxf4 Na6 20. Qc6 Re8 21. e4 Nb8 22. Qa4 fxe4 23. Rxe4 Qd7 24. Qc2 Qc8 25. Rae1 Nd7 26. Rf4 Rxf4 27. gxf4 Nf6 28. Kh1 Re7 29. Qg2 Qd7 30. Rg1 Rf7 31. f5 Qe7 32. Qf3 Nd7 33. Qh5 Nf6 34. Qh3 Ne4 35. Qf3 Qh4 36. Nd4 Ng5 37. Qe3 Qe4+ 38. Qxe4 Nxe4 39. Re1 Nxc3 40. Re8+ Rf8 41. Re7 Rf7 42. Re8+ Rf8 43. Re7 Rf7 1/2-1/2

[Event "74th ARM-ch Women 2019"]
[Site "Yerevan"]
[Date "2019.01.18"]
[Round "7"]
[White "Grigoryan, Arpine"]
[Black "Mkrtchyan, Mariam"]
[Result "0-1"]
[ECO "B15"]
[WhiteElo "1962"]
[BlackElo "2098"]
[Annotator "NA"]
[PlyCount "194"]
[EventDate "2019.01.12"]
[EventType "tourn"]
[EventCountry "ARM"]
[SourceTitle "playchess.com"]
[Source "ChessBase"]
[SourceQuality "1"]
[TimeControl "40/5400+30:1800+30"]

1. e4 c6 2. d4 d5 3. Nc3 dxe4 4. Nxe4 Nf6 5. Nxf6+ exf6 6. c3 Bd6 7. Bd3 O-O 8. Qc2 h6 9. Ne2 Re8 10. O-O Qc7 11. Ng3 Nd7 12. Be3 Nf8 13. Rae1 Bg4 14. Bf5 h5 15. Bxg4 hxg4 16. Qf5 Qc8 17. Qxc8 Raxc8 18. Nf5 Bb8 19. Bc1 Ng6 20. g3 Re6 21. Re3 Rce8 22. Rfe1 Kh7 23. b3 Nf8 24. Ba3 g6 25. Ne7 Rd8 26. d5 cxd5 27. Nxd5 Rxd5 28. Bxf8 Rxe3 29. Rxe3 Be5 30. a4 Rd2 31. Bb4 Rb2 32. Rd3 Rxb3 33. Rd7 Kg8 34. a5 a6 35. Rd3 Kg7 36. Kf1 g5 37. Kg2 Kg6 38. h3 gxh3+ 39. Kxh3 Kf5 40. Rd7 Kg6 41. Rd3 f5 42. Rd7 g4+ 43. Kg2 Bxc3 44. Bxc3 Rxc3 45. Rxb7 Rc6 46. Rb6 Re6 47. f4 gxf3+ 48. Kxf3 Kg5 49. Kf2 f4 50. Kf3 fxg3 51. Kxg3 Kf5 52. Kf3 Ke5 53. Rb7 f6 54. Rb1 Rc6 55. Re1+ Kf5 56. Rh1 Rc3+ 57. Ke2 Kg6 58. Rg1+ Kf7 59. Rh1 Rc5 60. Ra1 Rd5 61. Ke3 Ke6 62. Ke4 Rb5 63. Ra4 Re5+ 64. Kf4 Kd6 65. Ra1 Rd5 66. Ke4 f5+ 67. Kf4 Kc6 68. Rh1 Kb5 69. Ra1 Kb4 70. Ra2 Kb3 71. Ra1 Kb2 72. Ra4 Rb5 73. Kg5 Kb3 74. Ra1 Kb4 75. Kf4 Rxa5 76. Rb1+ Kc4 77. Rb6 Kc3 78. Kg5 Kd4 79. Kf4 Ra1 80. Kxf5 a5 81. Rd6+ Kc5 82. Ra6 Kb5 83. Ra8 Re1 84. Rb8+ Ka4 85. Kf4 Ka3 86. Kf3 a4 87. Kf2 Re7 88. Kf3 Ka2 89. Kf2 a3 90. Rb6 Ka1 91. Rb3 a2 92. Rb8 Rc7 93. Ke2 Rc1 94. Kd2 Rb1 95. Rh8 Kb2 96. Rb8+ Ka3 97. Ra8+ Kb3 0-1

[Event "74th ARM-ch Women 2019"]
[Site "Yerevan"]
[Date "2019.01.19"]
[Round "8"]
[White "Gaboyan, Susanna"]
[Black "Avetisyan, Mariam"]
[Result "1/2-1/2"]
[ECO "A05"]
[WhiteElo "2111"]
[BlackElo "2106"]
[Annotator "NA RC"]
[PlyCount "124"]
[EventDate "2019.01.12"]
[EventType "tourn"]
[EventCountry "ARM"]
[SourceTitle "playchess.com"]
[Source "ChessBase"]
[SourceQuality "1"]
[TimeControl "40/5400+30:1800+30"]

1. Nf3 Nf6 2. g3 e6 3. Bg2 Be7 4. O-O d5 5. d4 O-O 6. c4 dxc4 7. Qc2 a6 8. Qxc4 b5 9. Qc2 Bb7 10. Nc3 Nbd7 11. Bf4 c5 12. Rad1 b4 13. Na4 Be4 14. Qc1 cxd4 15. Rxd4 Qa5 16. b3 Rac8 17. Rc4 Rxc4 18. Qxc4 Bd5 19. Qc2 Be4 20. Qc4 Bd5 21. Qc1 Nc5 22. Nxc5 Bxc5 23. Qb2 Ne4 24. Ne5 Nc3 25. Bxd5 exd5 26. Rc1 Re8 27. Rxc3 bxc3 28. Qc2 Bd4 29. Nd3 Qb6 30. Bc1 Qg6 31. Qd1 Qe4 32. e3 Bb6 33. Qe2 d4 34. f3 Qe7 35. e4 a5 36. Kg2 Bc7 37. Qf2 Rd8 38. g4 Qe6 39. h4 Qa6 40. Qc2 Bd6 41. h5 Rb8 42. h6 a4 43. hxg7 axb3 44. axb3 Qb5 45. Qe2 Be5 46. f4 Bxg7 47. e5 Qxb3 48. f5 Re8 49. Qe4 Qa4 50. Kg3 Qd1 51. Bf4 Qg1+ 52. Kh3 Qf1+ 53. Kg3 Qg1+ 54. Kh3 Qf1+ 55. Kg3 c2 56. Qxd4 Qd1 57. Qd7 Ra8 58. e6 fxe6 59. fxe6 Qg1+ 60. Kh3 Qh1+ 61. Kg3 Qg1+ 62. Kh3 Qd4 1/2-1/2

[Event "74th ARM-ch Women 2019"]
[Site "Yerevan"]
[Date "2019.01.20"]
[Round "9"]
[White "Gevorgyan, Maria"]
[Black "Mkrtchyan, Anahit D."]
[Result "1-0"]
[ECO "B13"]
[WhiteElo "2228"]
[BlackElo "1829"]
[Annotator "ChessBase"]
[PlyCount "167"]
[EventDate "2019.01.12"]
[EventType "tourn"]
[EventCountry "ARM"]
[SourceTitle "playchess.com"]
[Source "ChessBase"]
[SourceQuality "1"]
[TimeControl "40/5400+30:1800+30"]

1. e4 c6 2. d4 d5 3. exd5 cxd5 4. Bd3 Nc6 5. c3 Nf6 6. Bf4 Bg4 7. Qb3 Qd7 8. Nd2 e6 9. Ngf3 Bxf3 10. Nxf3 Nh5 11. Ne5 Qc7 12. Be3 Bd6 13. f4 f6 14. Qd1 Nxf4 15. Bxf4 fxe5 16. dxe5 Bxe5 17. Qh5+ Qf7 18. Qxf7+ Kxf7 19. Bd2 Ke7 20. O-O h6 21. Rfe1 Rhf8 22. Re2 Bf4 23. Be1 Ne5 24. Bc2 Ng4 25. g3 Be3+ 26. Kg2 Bb6 27. Bd2 Rf2+ 28. Rxf2 Nxf2 29. Re1 Rf8 30. c4 Nd3 31. Bxd3 Rf2+ 32. Kh3 Rxd2 33. Bf5 Kf6 34. Bg4 e5 35. cxd5 Rxd5 36. Re2 Bd4 37. Bf3 Rb5 38. b3 b6 39. Be4 Rc5 40. Re1 Rc7 41. Rf1+ Ke6 42. Kg4 a5 43. Kh5 Ra7 44. Kg6 Rc7 45. g4 Be3 46. h4 Bd4 47. Rf3 Ra7 48. g5 hxg5 49. hxg5 Bb2 50. Rf2 Bd4 51. Rc2 Bc5 52. Rc3 Re7 53. Rf3 Rc7 54. Kh7 Be7 55. Rg3 Bd8 56. Kg6 Be7 57. Rd3 Bb4 58. Bf5+ Ke7 59. Kxg7 Ke8+ 60. Kg6 Bf8 61. Be4 Be7 62. Kf5 Kf7 63. g6+ Kg7 64. Rh3 Rc1 65. Rh7+ Kf8 66. Rf7+ Ke8 67. Ke6 Bf8 68. Rb7 Rc8 69. g7 Bxg7 70. Rxg7 Kf8 71. Rb7 Re8+ 72. Kf6 a4 73. Rxb6 axb3 74. Rxb3 Rc8 75. a4 Ke8 76. a5 Rc7 77. a6 Ra7 78. Rb8+ Kd7 79. Rb7+ Rxb7 80. axb7 Kc7 81. Kxe5 Kb8 82. Kd6 Ka7 83. Kc7 Ka6 84. b8=Q 1-0

[Event "74th ARM-ch Women 2019"]
[Site "Yerevan"]
[Date "2019.01.20"]
[Round "9"]
[White "Ghukasyan, Siranush"]
[Black "Mkrtchyan, Mariam"]
[Result "1-0"]
[ECO "B15"]
[WhiteElo "2226"]
[BlackElo "2098"]
[Annotator "ChessBase"]
[PlyCount "73"]
[EventDate "2019.01.12"]
[EventType "tourn"]
[EventCountry "ARM"]
[SourceTitle "playchess.com"]
[Source "ChessBase"]
[SourceQuality "1"]
[TimeControl "40/5400+30:1800+30"]

1. e4 c6 2. d4 d5 3. Nc3 dxe4 4. Nxe4 Nf6 5. Nxf6+ exf6 6. c3 Bd6 7. Bd3 O-O 8. Qc2 Re8+ 9. Ne2 h5 10. Be3 Nd7 11. O-O-O Nf8 12. Ng3 g6 13. Ne4 Be7 14. h4 Qa5 15. Kb1 Be6 16. b3 Qc7 17. f3 f5 18. Ng5 Bd6 19. Bc1 Bd7 20. Bb2 a5 21. Rdf1 Bg3 22. Bc1 Ne6 23. Nxe6 Bxe6 24. Bg5 Kg7 25. Bd2 a4 26. b4 b6 27. c4 Qd8 28. Bc3 Kh7 29. Qd2 Ra7 30. Qg5 f4 31. Qxh5+ Kg8 32. Qh6 Qf6 33. Qg5 Qg7 34. h5 c5 35. hxg6 fxg6 36. Qxg6 Qxg6 37. Bxg6 1-0

[Event "74th ARM-ch Women 2019"]
[Site "Yerevan"]
[Date "2019.01.20"]
[Round "9"]
[White "Khachatryan, Anna"]
[Black "Gaboyan, Susanna"]
[Result "0-1"]
[ECO "A45"]
[WhiteElo "2110"]
[BlackElo "2111"]
[Annotator "ChessBase"]
[PlyCount "124"]
[EventDate "2019.01.12"]
[EventType "tourn"]
[EventCountry "ARM"]
[SourceTitle "playchess.com"]
[Source "ChessBase"]
[SourceQuality "1"]
[TimeControl "40/5400+30:1800+30"]

1. d4 Nf6 2. Bf4 g6 3. Nc3 Bg7 4. e4 d6 5. Qd2 Nbd7 6. O-O-O h6 7. Kb1 g5 8. Be3 Ng4 9. h4 Nxe3 10. fxe3 Nf6 11. hxg5 hxg5 12. Rxh8+ Bxh8 13. Bc4 e6 14. Nh3 Nd7 15. Qe2 Nb6 16. Bb3 Bd7 17. Qh5 Qf6 18. Nxg5 Ke7 19. e5 dxe5 20. dxe5 Qg6 21. Qh4 Bxe5 22. Nxe6+ Qf6 23. Qxf6+ Kxf6 24. Rf1+ Kg6 25. Nf4+ Kg7 26. Nh5+ Kh6 27. Nf6 Bc8 28. Bxf7 Kg7 29. Nfe4 Bd7 30. Bb3 Bc6 31. Rf5 Re8 32. Rg5+ Kh6 33. Bf7 Re7 34. Rg6+ Kh5 35. g4+ Kh4 36. Rh6+ Kxg4 37. Be6+ Kf3 38. Ng5+ Kxe3 39. Nd1+ Kd2 40. Nf2 Bf4 41. Nfh3 Be3 42. Rf6 Na4 43. Rf7 Rxf7 44. Bxf7 Bg2 45. Bh5 Bxh3 46. Nxh3 Bd4 47. Ng5 Bxb2 48. Ne4+ Ke3 49. Be8 c6 50. Nc5 Nxc5 51. Kxb2 Kd2 52. Bg6 a5 53. Bf5 a4 54. a3 b5 55. Bc8 Ke3 56. c4 bxc4 57. Kc3 Ne4+ 58. Kxc4 Nd6+ 59. Kc5 Nxc8 60. Kxc6 Kd3 61. Kb5 Nb6 62. Kxb6 Kc4 0-1

[Event "74th ARM-ch Women 2019"]
[Site "Yerevan"]
[Date "2019.01.20"]
[Round "9"]
[White "Avetisyan, Mariam"]
[Black "Grigoryan, Arpine"]
[Result "1-0"]
[ECO "E06"]
[WhiteElo "2106"]
[BlackElo "1962"]
[Annotator "ChessBase"]
[PlyCount "71"]
[EventDate "2019.01.12"]
[EventType "tourn"]
[EventCountry "ARM"]
[SourceTitle "playchess.com"]
[Source "ChessBase"]
[SourceQuality "1"]
[TimeControl "40/5400+30:1800+30"]

1. Nf3 Nf6 2. c4 e6 3. g3 d5 4. d4 Be7 5. Bg2 O-O 6. O-O dxc4 7. Qc2 a6 8. a4 Bd7 9. Qxc4 Bc6 10. Bf4 a5 11. Nc3 Na6 12. Rfe1 Ne4 13. Rac1 Bd6 14. Ne5 Bxe5 15. Bxe5 Nxc3 16. Bxc6 Nxe2+ 17. Qxe2 bxc6 18. Rxc6 Nb4 19. Rxc7 Nd5 20. Qg4 g6 21. Rc5 Ra6 22. Rec1 f6 23. Bf4 Nxf4 24. Qxf4 Rd6 25. Rc8 Qe7 26. R1c7 Rd7 27. Rxd7 Qxd7 28. Rxf8+ Kxf8 29. Qxf6+ Kg8 30. Qe5 Kf7 31. b3 Qb7 32. Qb5 Qe4 33. Qd7+ Kf6 34. Qd8+ Kf7 35. Qc7+ Kg8 36. Qb8+ 1-0